cohdb
Replays
Latest Replays
All Replays
Popular Replays
Top Player Replays
Match Explorer
How It Works
Community
CoH3 Stats
Reddit
Sign in to upload your games and track your stats! →
Sign in with Steam
Match 33067266
Unlisted
Match 33067266
Overview
Messages
Build Orders
End
Engineer Squad
Construct Weapon Support Center
Selects Advanced Infantry Battlegroup
M1919 Machine Gun Team
M1919 Machine Gun Team
Construct Barracks
M1 Mortar Team
Selects Convert to Ranger Squad
Ranger Squad
Ranger Squad
Selects Frontline Medical Station
Frontline Medical Station
Mechanized Support Center
Selects Artillery Observers
Downstroy
pokernik
Lajtu
Bruistablet
MiskendTalent
Professor gibberish
0
0
Comments
sign in to comment!
No comments posted yet!